 Dungeon Crawl Stone Soup version 0.19-a0-1714-gcab94ab (webtiles) character file.

304 dobroeutro the Chopper (level 6, -5/48 HPs)
             Began as a Demonspawn Fighter on Sept 28, 2016.
             Slain by a gnoll
             ... wielding a +0 halberd
              (14 damage)
             ... on level 5 of the Dungeon.
             The game lasted 00:05:57 (2915 turns).

dobroeutro the Chopper (Demonspawn Fighter)         Turns: 2915, Time: 00:05:58

Health: -5/48      AC:  9    Str: 19    XL:     6   Next: 15%
Magic:  6/6        EV:  8    Int:  9    God:
Gold:   246        SH:  9    Dex: 12    Spells: 0 memorised, 5 levels left

rFire  . . .     SeeInvis .     a - +0 war axe
rCold  + . .     Gourm    .     y - +0 scale mail {rC+}
rNeg   . . .     Faith    .     c - +0 shield
rPois  +         Spirit   .     (no helmet)
rElec  .         Dismiss  .     u - +0 cloak
rCorr  .         Reflect  .     (no gloves)
MR     .....     Harm     .     (no boots)
Stlth  +.........               (no amulet)
                                (no ring)
                                x - ring of poison resistance

@: no status effects
A: nightstalker 1, sturdy frame 2
a: no special abilities


You were on level 5 of the Dungeon.
You were not hungry.

You visited 1 branch of the dungeon, and saw 5 of its levels.

You collected 246 gold pieces.

Inventory:

Hand Weapons
 a - a +0 war axe (weapon)
Missiles
 r - 4 javelins of penetration (quivered)
Armour
 c - a +0 shield (worn)
 u - a +0 cloak (worn)
 y - a +0 scale mail of cold resistance (worn)
Jewellery
 x - a ring of poison resistance (left hand)
Scrolls
 e - 3 scrolls of identify
 k - a scroll of remove curse
 l - a scroll of noise {unknown}
 s - a scroll of blinking {unknown}
 v - a scroll of fear {unknown}
Potions
 d - 2 potions of might
 g - a potion of resistance {unknown}
 h - 2 potions of heal wounds {unknown}
 i - 2 potions of cancellation {unknown}
 n - 2 potions of degeneration {unknown}
 p - a potion of haste {unknown}
 q - a potion of beneficial mutation {unknown}
 w - a potion of lignification {unknown}
Comestibles
 f - 3 bread rations
 j - 2 slices of pizza
 m - a royal jelly
 o - 2 meat rations
 t - a beef jerky
 z - 3 chunks of flesh


   Skills:
 + Level 4.2 Fighting
 * Level 4.3 Axes
 + Level 4.0 Armour
 - Level 2.6 Shields


You had 5 spell levels left.
You didn't know any spells.

Dungeon Overview and Level Annotations

Branches:
Dungeon (5/15)
 Temple: D:4-7

Altars:
Makhleb


Innate Abilities, Weirdness & Mutations

You are slightly more attuned to the shadows.
Your movements are less encumbered by armour. (ER -4)


Message History

The gnoll hits you from afar with a spear.
The gnoll completely misses you.
The gnoll hits you but does no damage. x2
You closely miss the gnoll.
The gnoll is severely wounded.
You barely miss the gnoll. You block the gnoll's attack.
The gnoll hits you but does no damage. x2
You barely miss the gnoll.
The gnoll is severely wounded.
You closely miss the gnoll. You block the gnoll's attack.
The gnoll hits you with a whip. You block the gnoll's attack.
The gnoll hits you with a halberd. The gnoll hits you but does no damage.
You hit the gnoll.
The gnoll is almost dead.
Your shield and scale mail prevent you from hitting the gnoll.
The gnoll hits you but does no damage. You block the gnoll's attack.
The gnoll hits you with a halberd!
* * * LOW HITPOINT WARNING * * *
The gnoll hits you but does no damage.
The gnoll hits you from afar with a halberd!
You die...

#.## #..##...........
#..## #.####..##.#...
###..####..............
#.........#.###.##.....
#......####.# #.# #....
#.....## #.# #.###....
#...g)# #(###.##.....
###.#g## #...........#
#g#.@# #####.#..##.#
#g##.# #.........
#g##.# #..#...#.#
#[##.# #.##.#.#..
#g##.. ...#..#....
#..... ......#..#..
...... .............#
..... .......>....##
#...... .............


You could see 2 gnolls.

Vanquished Creatures
  2 crimson imps
  An orc priest (D:5)
  An orc wizard (D:5)
  4 adders
  5 gnolls
  2 oozes
  A worm (D:4)
  2 leopard geckos
  8 orcs
  6 giant cockroaches
  5 goblins
  5 hobgoblins
  6 jackals
  A quokka (D:2)
  2 ball pythons (D:3)
  12 bats
  3 frilled lizards (D:2)
  3 kobolds
  A leopard gecko skeleton (D:4)
  7 rats
77 creatures vanquished.

Notes
Turn   | Place    | Note
-------+----------+-------------------------------------------
     0 | D:1      | dobroeutro the Demonspawn Fighter began the quest for the Orb.
     0 | D:1      | Reached XP level 1. HP: 18/18 MP: 1/1
   255 | D:1      | Gained mutation: Your movements are slightly less encumbered by armour. (ER -2) [demonic ancestry]
   255 | D:1      | Reached XP level 2. HP: 16/24 MP: 2/2
   796 | D:2      | Gained mutation: Your movements are less encumbered by armour. (ER -4) [demonic ancestry]
   796 | D:2      | Reached XP level 3. HP: 29/29 MP: 3/3
  1298 | D:3      | Reached XP level 4. HP: 35/35 MP: 4/4
  1970 | D:4      | Found a burning altar of Makhleb.
  2036 | D:4      | Noticed an ogre
  2355 | D:4      | Reached XP level 5. HP: 23/42 MP: 5/5
  2486 | D:5      | Entered Level 5 of the Dungeon
  2732 | D:5      | Gained mutation: You are slightly more attuned to the shadows. [demonic ancestry]
  2732 | D:5      | Reached XP level 6. HP: 9/48 MP: 6/6
  2915 | D:5      | Slain by a gnoll

Vault maps used:
D:1:      dpeg_arrival_circle_labyrinth_a
D:3:      serial_bayou, serial_bayou_shore_b, serial_bayou_pond_a,
          serial_bayou_pond_d, serial_bayou_ford_a, serial_bayou_pond_e,
          roderic_lattice_a
D:4:      gammafunk_temple_overflow_statue, first_bread, minmay_misc_feat_rows,
          kennysheep_minor_cross, bloody_makhleb

Skill      XL: |  1  2  3  4  5 |
---------------+----------------+-----
Axes           | 2 3 4 |  4.3
Armour         | 3 4 |  4.0
Fighting       | 4 |  4.2
Shields        | |  2.6

Action                   |  1- 3 |  4- 6 || total
-------------------------+-------+-------++-------
Melee: War axe           |   126 |   188 ||   314
  Use: Scroll            |       |     4 ||     4
  Eat: Chunk             |     1 |     6 ||     7
Armor: Scale mail        |    76 |    85 ||   161
Dodge: Dodged            |    46 |    85 ||   131
Block: Shield            |    82 |    75 ||   157
